Map: Ulrena

Players

AlexanderIV

  • Race: Zerg Zerg
  • Spawn Location: 11:00

Fropez - Winner!

  • Race: Protoss Protoss
  • League: Silver
  • Spawn Location: 7:00

VOD

Have the link to the VOD?

Description

Time

  • Played on: July 7, 2016, 10:44 a.m.
  • Length: 19:15
Show
View Real Time Build Order
Export as new Build Order

AlexanderIV Zerg 

Build Orders: Hatch First, Lurkers 

Get SALT Encoding   

  12  0:02  Drone  
  13  0:12  Drone  
  14  0:24  Overlord  
  14  0:28  Extractor, Drone  
  15  0:50  Hatchery  
  15  0:52  Drone  
  15  0:55  Drone  
  16  1:06  Drone  
  16  1:07  Drone  
  18  1:22  Extractor  
  18  1:24  Spawning Pool  
  16  1:26  Drone  
  17  1:35  Drone  
  18  1:52  Drone  
  18  1:53  Hatchery  
  18  1:58  Drone  
  19  2:04  Drone x2  
  21  2:11  Overlord  
  21  2:21  Queen  
  23  2:30  Queen  
  23  2:36  Metabolic Boost  
  25  2:47  Drone  
  26  2:52  Zergling x8  
  26  2:54  Zergling x2  
  31  3:05  Queen  
  33  3:16  Queen  
  33  3:17  Drone x2  
  37  3:22  Extractor  
  37  3:24  Drone x2  
  38  3:27  Drone  
  38  3:30  Drone  
  40  3:43  Roach Warren  
  40  3:46  Lair  
  39  3:57  Drone x3  
  39  3:58  Overlord  
  42  4:04  Overlord  
  42  4:10  Overlord  
  42  4:28  Roach x4  
  42  4:30  Evolution Chamber  
  49  4:32  Drone x2  
  49  4:34  Drone  
  49  4:37  Drone  
  53  4:45  Drone  
  53  4:46  Drone x2  
  53  4:52  Extractor  
  55  4:53  Extractor  
  55  4:54  Drone  
  55  4:55  Extractor  
  55  4:56  Extractor  
  53  5:03  Zerg Ground Armor Level 1  
  53  5:12  Ravager x2  
  55  5:22  Hydralisk Den  
  55  5:27  Ravager  
  55  5:31  Zergling x8  
  55  5:32  Zergling x10  
  55  5:33  Drone x2  
  55  5:35  Overlord  
  66  5:36  Overlord  
  60  6:15  Hydralisk x2, Roach x4  
  60  6:16  Roach  
  63  6:42  Drone  
  64  7:00  Ravager x3  
  67  7:07  Drone  
  68  7:16  Drone  
  68  7:19  Drone  
  70  7:33  Hydralisk  
  72  7:44  Roach  
  72  7:46  Drone  
  72  7:47  Drone  
  62  8:14  Roach  
  62  8:15  Roach x3  
  63  8:21  Drone  
  63  8:22  Drone  
  65  8:39  Hydralisk x2  
  69  8:42  Drone  
  70  8:51  Queen  
  72  9:02  Lurker Den  
  72  9:05  Hydralisk x2  
  72  9:07  Drone x2  
  71  9:20  Overlord x2  
  71  9:22  Overseer x3  
  71  9:29  Overseer  
  55  9:39  Zergling x4  
  55  9:40  Zergling x18  
  55  9:47  Zergling x10  
  52  10:03  Zergling x10  
  53  10:09  Drone  
  53  10:10  Queen  
  56  10:26  Drone x2  
  58  10:39  Hydralisk x6  
  70  10:46  Queen  
  72  10:54  Queen  
  74  10:57  Spore Crawler  
  74  10:58  Zerg Missile Weapons Level 1  
  74  11:03  Drone x3  
  74  11:04  Drone x2  
  78  11:06  Overlord  
  78  11:13  Extractor  
  77  11:24  Lurker x3  
  77  11:25  Lurker x2  
  82  11:44  Hydralisk x4  
  82  11:45  Hydralisk  
  92  11:48  Zergling x10  
  86  12:12  Hydralisk x2  
  86  12:13  Hydralisk x5  
  99  12:23  Hydralisk, Roach  
  99  12:24  Roach  
  105  12:32  Overlord x2  
  92  13:13  Roach x4  
  92  13:14  Roach x5  
  92  13:19  Infestation Pit  
  90  13:56  Overlord x2, Roach  
  90  13:57  Overlord  
  90  13:58  Overseer x2  
  90  14:12  Overlord x2  
  90  14:16  Hive  
  90  14:25  Lurker  
  90  14:26  Lurker x5  
  90  14:28  Hydralisk x7  
  110  14:31  Drone  
  110  14:33  Drone  
  110  14:35  Ravager  
  110  14:36  Ravager x2  
  110  14:37  Ravager  
  116  14:39  Hatchery  
  90  15:14  Hydralisk x7  
  80  15:15  Hydralisk  
  80  15:27  Swarm Host  
  83  15:30  Zergling x8  
  83  15:31  Zergling x2  
  88  15:43  Overseer x2  
  88  15:54  Queen, Drone  
  88  15:57  Ultralisk Cavern  
  90  16:23  Drone x2  
  90  16:25  Zerg Missile Weapons Level 2  
  92  16:28  Glial Reconstitution  
  92  16:31  Muscular Augments  
  92  16:45  Adrenal Glands  
  92  16:50  Extractor  
  92  16:51  Extractor  
  77  17:26  Ultralisk x2  
  77  17:28  Zergling x26  
  77  17:29  Zergling x28  
  114  17:39  Chitinous Plating  
  114  18:02  Ultralisk  
  114  18:05  Overlord x4  
  120  18:25  Zergling x2, Ultralisk  
  120  18:26  Zergling x2  
Show
View Real Time Build Order
Export as new Build Order

Fropez Protoss - Winner!

Build Orders:  

Get SALT Encoding   

  12  0:01  Probe (Chrono Boost)  
  13  0:16  Pylon  
  13  0:22  Probe (Chrono Boost)  
  14  0:34  Pylon  
  14  0:38  Pylon  
  14  0:46  Probe (Chrono Boost)  
  15  0:53  Gateway  
  15  0:56  Probe (Chrono Boost)  
  16  1:02  Assimilator  
  15  1:07  Probe (Chrono Boost)  
  16  1:14  Gateway  
  16  1:17  Probe (Chrono Boost)  
  17  1:32  Pylon, Probe (Chrono Boost)  
  18  1:59  Nexus  
  18  2:11  Cybernetics Core  
  18  2:15  Probe (Chrono Boost)  
  19  2:22  Assimilator  
  19  2:34  Pylon, Probe (Chrono Boost)  
  20  2:47  Warp Gate (Chrono Boost)  
  20  2:48  Adept  
  20  2:50  Adept  
  24  2:55  Probe (Chrono Boost)  
  25  3:06  Mothership Core (Chrono Boost)  
  27  3:14  Probe (Chrono Boost)  
  27  3:17  Pylon  
  28  3:23  Adept  
  28  3:26  Adept  
  33  3:34  Probe (Chrono Boost)  
  33  3:36  Probe (Chrono Boost)  
  34  3:50  Gateway  
  34  3:56  Pylon  
  34  4:00  Adept  
  34  4:02  Adept  
  38  4:07  Probe x2  
  40  4:23  Twilight Council  
  40  4:28  Probe x2  
  42  4:40  Pylon  
  42  4:47  Sentry x3, Assimilator  
  42  4:49  Assimilator  
  48  4:55  Probe  
  48  4:56  Probe  
  50  5:03  Resonating Glaives (Chrono Boost)  
  50  5:05  Probe  
  50  5:12  Probe  
  52  5:16  Adept, Forge  
  52  5:17  Adept  
  52  6:25  Adept x3, Probe  
  56  6:26  Probe  
  54  6:39  Gateway x2  
  48  6:53  Gateway  
  48  7:04  Protoss Ground Weapons Level 1 (Chrono Boost)  
  48  7:07  Nexus  
  48  7:09  Pylon  
  48  7:12  Gateway  
  48  7:13  Probe x2  
  50  7:15  Adept x2  
  50  7:16  Adept  
  50  7:20  Charge (Chrono Boost)  
  56  7:25  Probe x2  
  58  7:34  Dark Shrine  
  55  7:45  Adept  
  55  7:46  Adept x2  
  55  7:48  Mothership Core  
  55  8:10  Zealot x4  
  47  8:26  Pylon  
  47  8:30  Pylon, Probe x2  
  47  8:32  Nexus  
  47  8:40  Adept x5  
  57  9:02  Dark Templar x3  
  61  9:03  Dark Templar x2  
  67  9:40  Stalker x2  
  67  9:41  Stalker x3  
  73  9:57  Pylon  
  73  9:58  Pylon  
  73  10:02  Assimilator  
  73  10:03  Assimilator  
  67  10:09  Gateway  
  67  10:17  Stalker x3  
  67  10:18  Photon Cannon  
  67  10:19  Probe  
  67  10:21  Probe  
  75  10:25  Protoss Ground Weapons Level 2  
  75  10:26  Photon Cannon  
  75  10:27  Photon Cannon  
  75  10:29  Probe  
  76  10:40  Probe  
  76  10:41  Pylon  
  77  10:52  Probe x2  
  77  10:55  Robotics Facility  
  79  11:04  Probe  
  79  11:05  Probe  
  79  11:08  Pylon, Probe  
  82  11:16  Probe  
  83  11:25  Zealot x3  
  84  11:26  Zealot x3  
  94  11:40  Pylon  
  94  11:42  Pylon, Probe  
  95  11:47  Sentry x3  
  95  11:48  Sentry x3  
  97  12:21  Protoss Ground Weapons Level 3, Observer  
  98  12:23  Dark Templar x5  
  98  12:24  Dark Templar  
  110  12:42  Observer  
  80  13:07  Stalker x5  
  80  13:08  Stalker  
  76  13:45  Stalker x3  
  76  13:46  Stalker x3  
  69  14:00  Observer  
  68  14:10  Stalker x5  
  68  14:11  Stalker  
  80  14:19  Gateway  
  80  14:20  Gateway  
  80  14:22  Gateway  
  80  14:24  Gateway  
  80  14:27  Pylon  
  80  14:34  Pylon, Probe  
  80  14:35  Probe x2  
  83  14:43  Photon Cannon, Protoss Ground Armor Level 1  
  83  14:45  Nexus  
  68  15:01  Dark Templar x6  
  74  15:24  Observer  
  75  15:31  Stargate  
  75  15:32  Probe  
  76  15:46  Observer  
  77  16:07  Observer  
  78  16:14  Assimilator  
  78  16:17  Assimilator  
  78  16:19  Probe  
  78  16:20  Pylon  
  78  16:23  Pylon  
  78  16:24  Warp Prism  
  78  16:25  Protoss Shields Level 1  
  79  16:27  Stalker  
  79  16:28  Stalker x5  
  79  16:29  Stalker x3  
  79  16:30  Stalker  
  101  16:35  Phoenix (Chrono Boost)  
  103  16:54  Pylon  
  103  16:57  Phoenix (Chrono Boost)  
  102  17:19  Phoenix (Chrono Boost)  
  95  17:38  Stalker x2  
  95  17:39  Stalker x5  
  95  17:40  Stalker x3  
  115  17:48  Probe x2  
  117  18:06  Nexus  
  117  18:08  Assimilator  
  117  18:10  Assimilator  
  117  18:12  Pylon, Dark Templar x4  
  121  18:13  Dark Templar x2  
  129  18:20  Nexus  
  129  18:23  Assimilator  
  129  18:25  Assimilator  
  129  18:29  Pylon  
  127  18:58  Zealot x2  
  127  18:59  Zealot x7  
  127  19:00  Zealot  
Tags
 
Composition
Lurkers
League
Silver
Matchup
PvZ
Replay Pack
All Mines
Spawn Locations
Close Positions
Add a new tag
Caveats
  • Supply blocks, unpowered buildings, or Contaminate may cause inaccurate times.
  • Supply counts are checked every 10 seconds.